 Dungeon Crawl Stone Soup version 0.31-a0-596-g831eee08f1 (webtiles) character file.

Game seed: 13606107158244999859

4161 Shayle the Fighter (level 10, -6/84 (106) HPs)
             Began as an Ogre Shapeshifter on Aug 18, 2023.
             Was an Initiate of Ashenzari.
             Killed by divine providence
             ... invoked by Jeremiah
              (17 damage)
             ... on level 8 of the Dungeon on Aug 20, 2023.
             The game lasted 00:28:55 (11180 turns).

Shayle the Fighter (Ogre Shapeshifter)             Turns: 11180, Time: 00:28:59

HP:   -6/84 (106)   AC:  5    Str: 21    XL:     10   Next: 28%
MP:   20/20         EV:  8    Int: 13    God:    Ashenzari [......]
Gold: 428           SH: 20    Dex:  9    Spells: 19/23 levels left

rFire   + .          .
                       - Unarmed
rCold   . . .        k - +2 kite shield
rNeg    . . .        a - +0 animal skin
rPois   .            (helmet currently unavailable)
rElec   .            (cloak currently unavailable)
rCorr   .            (gloves unavailable)
SInv    .            (boots unavailable)
Will    +....        i - amulet of reflection
Stlth   +            j - ring "Shattered Scepticism" {rF+, Elem, Alch} (curse)
HPRegen 0.34/turn    (no ring)
MPRegen 0.17/turn

%: reflection
@: beast-form, on berserk cooldown, heavily drained, invisible
A: beast (slay +2), large, unfitting armour, tough skin 1, iridescent scales 1,
large bone plates 1
a: Begin Untransformation, Renounce Religion, Curse Item, Shatter the Chains


You were on level 8 of the Dungeon.
You worshipped Ashenzari.
Ashenzari was noncommittal.
You were a hulking beast.
You visited 2 branches of the dungeon, and saw 10 of its levels.

You collected 428 gold pieces.

Inventory:

Hand Weapons
 t - the +11 trident of Responsibility {flame, Contam rN++ Will- Dex+3}
   (You found it on level 8 of the Dungeon)

   Dex+3:     It affects your dexterity (+3).
   rN++:      It greatly protects you from negative energy.
   Will-:     It decreases your willpower.
   Contam:    It causes magical contamination when unequipped.
Missiles
 b - 2 throwing nets
 D - a curare-tipped dart
Armour
 a - a +0 animal skin (worn)
 k - a +2 kite shield (worn)
Jewellery
 i - an amulet of reflection (around neck)
 j - the cursed ring "Shattered Scepticism" (left hand) {rF+, Elem, Alch}
   (You found it on level 1 of the Dungeon)

   [ring of protection from fire]

   rF+:       It protects you from fire.
   It has a curse which improves the following skills: Elements: Fire Magic, Ice
   Magic, Air Magic and Earth Magic.
   Alchemy:   Poison Magic and Transmutations.
 C - a ring of positive energy
Talismans
 c - a beast talisman (active)
 d - a flux talisman
Wands
 y - a wand of digging (2)
Scrolls
 e - 3 scrolls of teleportation
 f - a scroll of revelation
 m - a scroll of vulnerability
 n - a scroll of amnesia
 s - a scroll of blinking
 u - a scroll of fog
 w - a scroll of enchant weapon
 E - a scroll of fear {unknown}
Potions
 g - a potion of haste
 o - a potion of resistance
 q - 3 potions of berserk rage
 x - a potion of curing
 A - 2 potions of brilliance


   Skills:
 + Level 8.7 Fighting
 - Level 1.7 Dodging
 + Level 6.0 Shields
 + Level 8.4 Unarmed Combat
 + Level 7.0 Spellcasting
 - Level 2.6(3.0) Fire Magic
 + Level 1.6(1.9) Air Magic
 - Level 3.0 Shapeshifting


You had 19 spell levels left.
You knew the following spells:

 Your Spells              Type           Power      Damage    Failure   Level
a - Airstrike             Air            4%         2d(1-17)  82%         4

Your spell library contained the following spells:

 Spells                   Type           Power      Damage    Failure   Level
 Shock                    Conj/Air       28%        1d4       22%         1
 Swiftness                Air            9%         N/A       41%         3
 Blink                    Tloc           8%         N/A       43%         2
 Lesser Beckoning         Tloc           8%         N/A       43%         2
 Momentum Strike          Conj/Tloc      8%         3d8       43%         2


Dungeon Overview and Level Annotations

Branches:
Dungeon (9/15)             Temple (1/1) D:6
   Lair: D:8-11         Orc: D:9-12

Altars:
Ashenzari
Cheibriados
Dithmenos
Elyvilon
Fedhas
Gozag
Makhleb
Nemelex Xobeh
Okawaru
Ru
Sif Muna
Trog
Uskayaw
Vehumet
Xom
Yredelemnul
The Shining One

Shops:
D:1 ==!   D:4 [   D:6 (

Annotations:
D:4 1 runed translucent door, Crazy Yiuf
D:7 2 transporters, elongatedgoose's ghost, novice TrSh
D:8 exclusion: ice statue, Jeremiah


Innate Abilities, Weirdness & Mutations

You are a hulking beast.
Your limbs bulge with bestial killing power. (Slay +2)
You are too large for most types of armour.
You have tough skin. (AC +1)
You are partially covered in iridescent scales. (AC +2)
You are partially covered in large bone plates. (SH +4)


Message History

You hit Jeremiah.
Jeremiah is lightly wounded.
The butterfly disappears in a burst of colours!
You catch the helpless Jeremiah completely off-guard!
You punch Jeremiah!
Jeremiah is moderately wounded.
Jeremiah pinches themself.
Jeremiah hits you with a +2 trident of draining!
* * * LOW HITPOINT WARNING * * *
You feel drained.
* * * LOW HITPOINT WARNING * * *
You punch Jeremiah!
Jeremiah is heavily wounded.
You block Jeremiah's attack.
You hit Jeremiah but do no damage.
Jeremiah is heavily wounded.
You block Jeremiah's attack.
You closely miss Jeremiah.
Jeremiah is heavily wounded.
The butterfly disappears in a burst of colours!
Jeremiah barely misses you.
You hit Jeremiah but do no damage.
Jeremiah is heavily wounded.
The butterfly disappears in a burst of colours!
Jeremiah barely misses you.
You punch Jeremiah!
Jeremiah is almost dead.
Jeremiah cries, "Fearful master, protect me!"
Something smites you!
* * * LOW HITPOINT WARNING * * *
You hit Jeremiah.
Jeremiah is almost dead.
You block Jeremiah's attack.
You miss Jeremiah.
Jeremiah is almost dead.
The butterfly disappears in a burst of colours!
Jeremiah throws their arms up pleadingly.
Something smites you!
You die...
Jeremiah asks, "Is it over?
Can I wake up now?"

#..##.###.#############
#.....# #........#
##.##.###.########
#.###.bb## #.# ##.##
######### #.# #bb#
#........ #.# #b##
#.####### #.# #F# #.#
#.# #h# #.##### #.# #b#
#.#...#
#.###.########.#.#.#
#.....b........#.#.#
#####...<........#.###
##############...รท
#####


You could see Jeremiah (unable to see you).

Vanquished Creatures
  Joseph (D:8)
  A wyvern (D:8)
  A steam dragon (D:6)
  5 water moccasins
  Duvessa (D:4)
  An ice beast (D:7)
  A black bear (D:5)
  2 ogres (D:6)
  3 centaurs
  2 phantoms
  A kobold brigand (D:8)
  A bullfrog (D:8)
  8 scorpions
  A wight (D:8)
  Dowan (D:4)
  4 killer bees
  A howler monkey (D:7)
  6 hounds
  A jelly (D:5)
  6 orc priests
  A gnoll bouda (D:6)
  3 sleepcaps
  5 iguanas (D:5)
  9 orc wizards
  Robin (D:4)
  14 gnolls
  13 adders
  A shadow imp (D:7)
  A white imp (D:6)
  3 ufetubi
  3 worms (D:2)
  3 dart slugs
  17 orcs
  5 ball pythons
  17 bats
  13 endoplasms
  3 giant cockroaches
  12 goblins
  7 hobgoblins
  2 jackals (D:1)
  4 quokkas
  2 frilled lizards
  6 kobolds
  A rat (D:2)
194 creatures vanquished.

Vanquished Creatures (others)
  An orc wizard (D:6)
1 creature vanquished.

Grand Total: 195 creatures vanquished

Notes
Turn   | Place    | Note
-------+----------+-------------------------------------------
     0 | D:1      | Shayle the Ogre Shapeshifter began the quest for the Orb.
     0 | D:1      | Reached XP level 1. HP: 19/19 MP: 1/1
     0 | D:1      | Upgraded the game from 0.31-a0-574-g69dc8cc98e to
                  | 0.31-a0-596-g831eee08f1
   163 | D:1      | Found Tic Sina's Distillery.
   232 | D:1      | Reached XP level 2. HP: 24/28 MP: 1/3
   270 | D:1      | Found Rumaxo Zime's Jewellery Emporium.
   427 | D:1      | Reached skill level 1 in Spellcasting
   456 | D:1      | Found Pibarghesoi's Jewellery Emporium.
   881 | D:2      | Reached XP level 3. HP: 17/36 MP: 5/5
   913 | D:2      | HP: 1/36 [poisoned by an adder]
  1359 | D:2      | Reached XP level 4. HP: 42/45 MP: 5/7
  1506 | D:2      | Reached skill level 1 in Shields
  1513 | D:2      | Gained mutation: You are partially covered in iridescent
                  | scales. (AC +2) [potion of mutation]
  1513 | D:2      | Gained mutation: You are partially covered in large bone
                  | plates. (SH +4) [potion of mutation]
  1871 | D:2      | Reached XP level 5. HP: 47/53 MP: 8/8
  2434 | D:3      | Reached XP level 6. HP: 62/62 MP: 10/10
  2781 | D:3      | Found a glowing golden altar of the Shining One.
  2783 | D:3      | Noticed an angel
  2788 | D:3      | Found a basalt altar of Yredelemnul.
  2790 | D:3      | Noticed a profane servitor
  3151 | D:3      | Found a shimmering blue altar of Sif Muna.
  3340 | D:4      | Found Awkoipus's Armour Emporium.
  3602 | D:4      | Reached XP level 7. HP: 71/71 MP: 12/12
  3630 | D:4      | Reached skill level 5 in Unarmed Combat
  3677 | D:4      | Noticed Robin
  3685 | D:4      | Reached skill level 5 in Fighting
  3726 | D:4      | Killed Robin
  3754 | D:4      | Found a basalt altar of Yredelemnul.
  3801 | D:4      | Found a shimmering altar of Xom.
  3808 | D:4      | Found a shimmering altar of Xom.
  3809 | D:4      | Found a shimmering altar of Xom.
  3809 | D:4      | Found a shimmering altar of Xom.
  3818 | D:4      | Found a shimmering altar of Xom.
  3977 | D:4      | Found an opulent altar of Gozag.
  4100 | D:4      | Noticed Duvessa
  4100 | D:4      | Noticed Dowan
  4121 | D:4      | Killed Duvessa
  4135 | D:4      | Reached XP level 8. HP: 28/81 MP: 14/14
  4135 | D:4      | Killed Dowan
  4543 | D:4      | Found a runed translucent door.
  4544 | D:4      | Noticed Crazy Yiuf
  4794 | D:5      | Entered Level 5 of the Dungeon
  5259 | D:5      | Found a broken altar of Ashenzari.
  5259 | D:5      | Found an iron altar of Okawaru.
  5301 | D:5      | Became a worshipper of Ashenzari the Shackled
  5345 | D:5      | Reached skill level 5 in Spellcasting
  6066 | D:5      | Reached XP level 9. HP: 89/92 MP: 17/17
  6504 | D:6      | Reached skill level 1 in Fire Magic
  6531 | D:6      | Found Anotat Zuni's Weapon Shoppe.
  6809 | D:6      | Found a sacrificial altar of Ru.
  7133 | D:6      | Found a staircase to the Ecumenical Temple.
  7142 | Temple   | Entered the Ecumenical Temple
  7803 | D:7      | Reached skill level 5 in Shields
  8047 | D:7      | Noticed a two-headed ogre
  8049 | D:7      | Noticed elongatedgoose's ghost (novice TrSh)
  8052 | D:7      | Noticed a moth of wrath
  8060 | D:7      | Found a bloodstained altar of Trog.
  8275 | D:7      | Found a transporter.
  8599 | D:7      | Found a transporter.
  8811 | D:8      | Noticed Jeremiah
  9017 | D:8      | Noticed Joseph
  9039 | D:8      | Killed Joseph
  9040 | D:8      | Reached XP level 10. HP: 85/104 MP: 19/19
  9176 | D:9      | Learned a level 4 spell: Airstrike
  9498 | D:8      | Noticed an ice statue
  9542 | D:8      | Reached skill level 1 in Air Magic
 10532 | D:8      | Identified the +11 trident of Responsibility {flame, Contam
                  | rN++ Will- Dex+3}
 11180 | D:8      | Killed from afar by Jeremiah

Illustrated notes

Levels and vault maps discovered:
D:1:      evilmike_arrival_crescent, layout_loops_ring, serial_shops,
          shop_statue, shop, shop, hangedman_decor_riveting
D:2:      layout_basic
D:3:      layout_loops_ring, grunt_temple_overflow_holy_war,
          kennysheep_orc_sif_temple, serial_park_tiny_2,
          amcnicky_mini_corridor_feature
D:4:      old_forge, layout_cave_pools, grunt_gozag_statues, xom_redecorated,
          serial_shops, nicolae_stop_n_shop_2, minmay_ruined_shrine,
          uniq_crazy_yiuf_cottage, uniq_robin, uniq_duvessa
D:5:      layout_loops_ring, nicolae_overflow_squiral, minmay_parallelograms,
          hangedman_decor_peaks_small, st_stairs_11
D:6:      layout_layer_cave, nicolae_overflow_hidden_temple, temple_green,
          serial_shops, nicolae_shop_peninsula, kennysheep_donut
D:7:      layout_basic, gammafunk_ghost_wrathful_warriors, kennysheep_crisscross
D:8:      minmay_statue_hallways, layout_loops_ring, uniq_joseph, uniq_jeremiah
D:9:      minmay_shrinking_squares, layout_gridville
Temple:   hellmonk_temple_beads

Skill      XL: |  1  2  3  4  5  6  7  8  9 10 |
---------------+-------------------------------+-----
Fighting       | 2 3 4 5 6 8 |  8.7
Spellcasting   | 1 2 3 4 5 6 7 |  7.0
Unarmed Combat | 3 4 5 6 8 |  8.4
Shields        | 1 2 3 4 5 6 |  6.0
Fire Magic     | 2 |  2.6
Air Magic      | 1 |  1.6
Dodging        | |  1.7
Shapeshifting  | |  3.0

Action                     |  1- 3 |  4- 6 |  7- 9 | 10-12 || total
---------------------------+-------+-------+-------+-------++-------
  Melee: Unarmed           |   121 |   222 |   422 |   150 ||   915
 Invoke: Curse Item        |       |       |     1 |       ||     1
    Use: Potion            |     4 |     1 |     5 |     8 ||    18
         Scroll            |       |     4 |       |    10 ||    14
   Stab: Sleeping          |       |     3 |       |       ||     3
         Invisible         |       |       |       |     2 ||     2
 Armour: Animal skin       |    38 |    39 |    61 |    23 ||   161
         Skin              |    13 |       |    13 |       ||    26
  Dodge: Dodged            |    51 |    40 |    66 |    46 ||   203
  Block: Kite shield       |     6 |   159 |   343 |   164 ||   672
         Other             |     5 |       |       |       ||     5
         Reflection        |       |     8 |    11 |     6 ||    25

Table legend: (Time is in decaauts)
 A = Elapsed time spent in this place.
 B = Non-inter-level travel time spent in this place.
 C = Inter-level travel time spent in this place.
 D = Time resting spent in this place.
 E = Time spent auto-exploring this place.
 F = Levels seen in this place.
 G = Mean time per level.
                   A        B        C        D        E       F      G
               +--------+--------+--------+--------+--------+-----+--------+
         Total |  11195 |  10489 |    706 |   1800 |   6035 |  10 | 1119.5 |
       Dungeon |  11193 |  10487 |    706 |   1800 |   6035 |   9 | 1243.7 |
        Temple |      1 |      1 |      0 |      0 |      0 |   1 |    1.0 |
               +--------+--------+--------+--------+--------+-----+--------+

Top non-repeatable levels by time:
     D:8: 1823 daAuts
     D:4: 1579 daAuts
     D:3: 1508 daAuts
     D:7: 1319 daAuts
     D:6: 1302 daAuts
     D:5: 1183 daAuts
     D:2: 1170 daAuts
     D:1: 1002 daAuts
     D:9: 305 daAuts
  Temple: 1 daAuts
